 Dungeon Sprint DCSS version 0.29-a0-563-g64e4043184 (webtiles) character file.

Game seed: 10614776844067733745

563 mhtbhm the Martial Artist (level 7, -1/54 HPs)
             Began as an Octopode Transmuter on June 11, 2022.
             Was an Initiate of Gozag.
             Slain by a troll (11 damage)
             ... in the Dungeon (Sprint IX: "|||||||||||||||||||||||||||||").
             The game lasted 00:00:45 (489 turns).

mhtbhm the Martial Artist (Octopode Transmuter)      Turns: 489, Time: 00:00:46

Health: -1/54      AC:  8    Str: 11    XL:     7   Next: 32%
Magic:  5/16       EV: 12    Int: 18    God:    Gozag
Gold:   0          SH:  0    Dex: 13    Spells: 8/18 levels left

rFire   x . .      SeeInvis .     - Unarmed
rCold   + + +      Faith    .   (shield currently unavailable)
rNeg    . . .      Spirit   .   (helmet currently unavailable)
rPois   +          Reflect  .   (no amulet)
rElec   .          Harm     .   j - +3 ring of intelligence
rCorr   .          Rampage  .   k - +2 ring of protection
Will    .....      NoTele   +   (no ring)
Stlth   ++........              (no ring)
HPRegen 0.18/turn               (no ring)
MPRegen 0.15/turn               (no ring)
                                (no ring)
                                (no ring)

@: ice-form, wereblooded, gold aura
A: freezing attack, boosted hp, almost no armour, amphibious, 8 rings, large,
(camouflage 1), (gelatinous body 1), (nimble swimmer 1), (tentacles)
a: End Transformation, Renounce Religion, Potion Petition, Call Merchant, Bribe
Branch


You were in the Dungeon.
You worshipped Gozag.
Gozag was noncommittal.
You were a creature of crystalline ice.
You visited 1 branch

Inventory:

Jewellery
 j - a +3 ring of intelligence (left front paw)
 k - a +2 ring of protection (right front paw)
Wands
 i - a wand of iceblast (9)
Scrolls
 g - 2 scrolls of blinking
 h - 2 scrolls of amnesia
Potions
 a - a potion of invisibility
 b - 5 potions of curing
 c - 3 potions of heal wounds
 d - a potion of haste
 e - 4 potions of magic
 f - a potion of berserk rage


   Skills:
 + Level 2.5 Fighting
 + Level 6.3 Dodging
 + Level 2.4 Stealth
 + Level 11.2 Unarmed Combat
 + Level 6.1 Spellcasting
 + Level 5.8 Transmutations
 + Level 0.7 Ice Magic


You had 8 spell levels left.
You knew the following spells:

 Your Spells              Type           Power      Damage    Failure   Level
a - Beastly Appendage     Tmut           52%        N/A       1%          1
b - Wereblood             Tmut           26%        N/A       1%          2
c - Spider Form           Tmut/Pois      15%        N/A       11%         3
d - Ice Form              Ice/Tmut       17%        N/A       30%         4

Your spell library contained the following spells:

 Spells                   Type           Power      Damage    Failure   Level


Dungeon Overview and Level Annotations

Branches:
Dungeon (1/1)

Altars:
Cheibriados
Dithmenos
Elyvilon
Fedhas
Gozag
Hepliaklqana
Kikubaaqudgha
Makhleb
Nemelex Xobeh
Okawaru
Qazlal
Ru
Sif Muna
Trog
Uskayaw
Vehumet
Wu Jian
Xom
Yredelemnul
Zin
The Shining One
Beogh
Jiyva
Lugonu


Innate Abilities, Weirdness & Mutations

You are a creature of crystalline ice.
You have a powerful freezing melee attack.
Your maximum health is increased.
Your armour is entirely melded.
You are incapable of wielding weapons or throwing items.
You cannot wear most types of armour.
You are amphibious.
You can wear up to eight rings at the same time.
((Your skin changes colour to match your surroundings (Stealth+).))
((Your rubbery body absorbs attacks. (AC +1, EV +1)))
((You are camouflaged when in or above water. (Stealth+)))
((You have tentacles for arms and can constrict up to eight enemies at once.))


Message History

You punch the acid dragon! You freeze the acid dragon.
You feel a bit better.
You kill the acid dragon!
You howl as the wereblood boils in your veins!
Your Dodging skill increases to level 5!
Your Unarmed Combat skill increases to level 9!
Your Spellcasting skill increases to level 5!
Your Transmutations skill increases to level 5!
You have reached level 6!
You pummel the howler monkey!! You freeze the howler monkey.
You feel a bit better.
You kill the howler monkey!
Your Unarmed Combat skill increases to level 10!
Aiming: Iceblast
Press: ? - help, Shift-Dir - straight line, f - troll
Aim: a troll The mass of ice explodes!
The iceblast engulfs the troll!
The troll is moderately wounded.
The wight is distracted by your dazzling golden aura.
Unknown command.
Unknown command.
Unknown command.
You punch the troll! You freeze the troll.
The troll is severely wounded.
The troll closely misses you. The troll claws you! x2
You punch the troll! You freeze the troll.
You feel a bit better.
You kill the troll!
Your Dodging skill increases to level 6!
Your Stealth skill increases to level 2!
Your Unarmed Combat skill increases to level 11!
Your Spellcasting skill increases to level 6!
You have reached level 7!
You barely miss the troll. The troll bites you!
* * * LOW HITPOINT WARNING * * *
The troll claws you but does no damage. The troll claws you.
* * * LOW HITPOINT WARNING * * *
You pummel the troll!! You freeze the troll!
The troll is severely wounded.
The troll bites you!
You die...
Your body crumbles into a pile of gold.

▓+▓
$
▓.▓
$
▓z▓
$ $
▓.▓
$
▓.▓
$
▓.▓
▓T▓
$ $
▓Y▓
▓.▓
$
▓.▓
▓[▓
$
▓[▓
▓[▓
$
▓.▓
$
▓)▓
$
▓.▓


You could see a troll and a wight.

Vanquished Creatures
  A troll (D)
  An acid dragon (D)
  A gnoll sergeant (D)
  A scorpion (D)
  A howler monkey (D)
  A jelly (D)
  An iguana (D)
  2 adders (D)
  A giant cockroach (D)
  A goblin (D)
  A hobgoblin (D)
  A ball python (D)
  A kobold (D)
14 creatures vanquished.

Notes
Turn   | Place    | Note
-------+----------+-------------------------------------------
     0 | D        | mhtbhm the Octopode Transmuter began the quest for the Orb.
     0 | D        | Reached XP level 1. HP: 13/13 MP: 3/3
   214 | D        | Noticed a jelly
   214 | D        | Noticed an iguana
   214 | D        | Noticed a scorpion
   220 | D        | Reached skill level 4 in Unarmed Combat
   220 | D        | Reached XP level 2. HP: 19/19 MP: 3/5
   230 | D        | Killed a scorpion
   231 | D        | Reached skill level 6 in Unarmed Combat
   231 | D        | Reached XP level 3. HP: 24/24 MP: 5/8
   231 | D        | Reached XP level 4. HP: 29/29 MP: 5/9
   238 | D        | Reached skill level 7 in Unarmed Combat
   240 | D        | Reached XP level 5. HP: 24/34 MP: 6/11
   404 | D        | Found a snail-covered altar of Cheibriados.
   404 | D        | Found a shadowy altar of Dithmenos.
   404 | D        | Found a white marble altar of Elyvilon.
   404 | D        | Found a blossoming altar of Fedhas.
   404 | D        | Found an opulent altar of Gozag.
   405 | D        | Found a hazy altar of Hepliaklqana.
   406 | D        | Found a viscous altar of Jiyva.
   407 | D        | Found an ancient bone altar of Kikubaaqudgha.
   408 | D        | Found a corrupted altar of Lugonu.
   409 | D        | Found a burning altar of Makhleb.
   410 | D        | Found a sparkling altar of Nemelex Xobeh.
   411 | D        | Found an iron altar of Okawaru.
   412 | D        | Found a stormy altar of Qazlal.
   413 | D        | Found a sacrificial altar of Ru.
   414 | D        | Found a shimmering blue altar of Sif Muna.
   415 | D        | Found a bloodstained altar of Trog.
   416 | D        | Found a hide-covered altar of Uskayaw.
   417 | D        | Found a radiant altar of Vehumet.
   424 | D        | Became a worshipper of Gozag Ym Sagoz the Greedy
   431 | D        | Found an ornate altar of the Wu Jian Council.
   432 | D        | Found a shimmering altar of Xom.
   433 | D        | Found a basalt altar of Yredelemnul.
   434 | D        | Found a glowing silver altar of Zin.
   435 | D        | Found a glowing golden altar of the Shining One.
   464 | D        | Learned a level 2 spell: Wereblood
   468 | D        | Learned a level 3 spell: Spider Form
   473 | D        | Learned a level 4 spell: Ice Form
   475 | D        | Noticed a troll
   475 | D        | Noticed a troll
   475 | D        | Noticed an acid dragon
   481 | D        | Reached skill level 1 in Stealth
   481 | D        | Reached skill level 8 in Unarmed Combat
   483 | D        | Killed an acid dragon
   484 | D        | Reached skill level 5 in Dodging
   484 | D        | Reached skill level 9 in Unarmed Combat
   484 | D        | Reached skill level 5 in Spellcasting
   484 | D        | Reached skill level 5 in Transmutations
   484 | D        | Reached XP level 6. HP: 38/39 MP: 5/14
   485 | D        | Reached skill level 10 in Unarmed Combat
   487 | D        | Killed a troll
   488 | D        | Reached skill level 11 in Unarmed Combat
   488 | D        | Reached XP level 7. HP: 25/45 MP: 5/16
   489 | D        | Slain by a troll

Illustrated notes

Levels and vault maps discovered:
D:        linesprint [early_d, line_temple, items_1, d_10, items_2, lair_1,
          lair_end, items_3, orc_1, orc_end, items_4, d_15, swamp_1, shoals_1,
          snake_1, spider_1, d_20, vaults_1, items_5, swamp_end, shoals_end,
          snake_end, spider_end, vaults_end, d_27, items_6, zot_1, zot_end,
          crypt_end, forest_end, elf_end, slime_end, tomb_end, abyss_end,
          pan_hell_end]

Skill      XL: |  1  2  3  4  5  6 |
---------------+-------------------+-----
Unarmed Combat | 4 6 7 9 11 | 11.2
Dodging        | 3 4 5 6 |  6.3
Spellcasting   | 3 4 5 6 |  6.1
Transmutations | 3 5 |  5.8
Fighting       | 2 |  2.5
Stealth        | 1 2 |  2.4
Ice Magic      | |  0.7

Action                   |  1- 3 |  4- 6 |  7- 9 || total
-------------------------+-------+-------+-------++-------
Melee: Unarmed           |    24 |    19 |     2 ||    45
       Constrict         |     4 |       |       ||     4
       Tentacles         |     4 |       |       ||     4
       Kick              |     2 |       |       ||     2
 Cast: Beastly Appendage |     2 |       |       ||     2
       Ice Form          |       |     1 |       ||     1
       Wereblood         |       |     1 |       ||     1
Evoke: Wand              |       |     1 |       ||     1
  Use: Potion            |     1 |       |       ||     1
Armor: Skin              |    11 |     3 |     1 ||    15
Dodge: Dodged            |     4 |     6 |       ||    10

Table legend: (Time is in decaauts)
 A = Elapsed time spent in this place.
 B = Non-inter-level travel time spent in this place.
 C = Inter-level travel time spent in this place.
 D = Time resting spent in this place.
 E = Time spent auto-exploring this place.
 F = Levels seen in this place.
 G = Mean time per level.
                   A        B        C        D        E       F      G
               +--------+--------+--------+--------+--------+-----+--------+
         Total |    483 |    483 |      0 |    352 |      3 |   1 |  483.0 |
       Dungeon |    483 |    483 |      0 |    352 |      3 |   1 |  483.0 |
               +--------+--------+--------+--------+--------+-----+--------+

Top non-repeatable levels by time:
       D: 483 daAuts
